[ AOE2 MATCH · #457218922 ]
Team RMVikings vs Tupi
[ REPLAY ANALYSIS · EXTRACTED FROM THE RECORDED GAME ]
Feudal
10:47
Castle
17:41
Imperial
31:32
| APM avg | 58.5 |
| APM peak | 138 |
| eAPM avg | 36.4 |
| Villagers / military | 192 / 218 |
Focus
⚔️ 51.7% · 🌾 48.3%
Berserk ×105 · Skirmisher ×67 · Archer ×32 · Mangonel ×10 · Battering Ram ×3 · Trebuchet (Packed) ×1
Feudal
8:28
Castle
20:56
Imperial
38:44
| APM avg | 44.1 |
| APM peak | 73 |
| eAPM avg | 31.3 |
| Villagers / military | 157 / 39 |
Focus
⚔️ 38.6% · 🌾 61.4%
Unknown (2550) ×196 · Unknown (2579) ×163 · Unknown (2582) ×139 · Trade Cart ×40 · Battering Ram ×24 · Trebuchet (Packed) ×9
Feudal
9:15
Castle
21:57
Imperial
29:58
| APM avg | 25.8 |
| APM peak | 58 |
| eAPM avg | 18.1 |
| Villagers / military | 135 / 10 |
Focus
⚔️ 35.7% · 🌾 64.3%
Unknown (2586) ×94 · Unknown (2550) ×89 · Trade Cart ×7 · Monk ×4 · Battering Ram ×3 · Trebuchet (Packed) ×3
Feudal
10:30
Castle
14:16
Imperial
32:50
| APM avg | 59.9 |
| APM peak | 107 |
| eAPM avg | 40.2 |
| Villagers / military | 189 / 600 |
Focus
⚔️ 50.4% · 🌾 49.6%
Militia ×317 · Spearman ×231 · Mangonel ×42 · Trade Cart ×10 · Teutonic Knight ×7 · Monk ×3
Feudal
10:34
Castle
14:12
Imperial
28:22
| APM avg | 38.8 |
| APM peak | 76 |
| eAPM avg | 25.6 |
| Villagers / military | 189 / 285 |
Focus
⚔️ 42.1% · 🌾 57.9%
Unknown (2550) ×175 · Bolas Rider ×172 · Skirmisher ×75 · Kona ×19 · Battering Ram ×8 · Trebuchet (Packed) ×7
Feudal
11:12
Castle
15:48
Imperial
36:44
| APM avg | 29.4 |
| APM peak | 67 |
| eAPM avg | 23.5 |
| Villagers / military | 232 / 390 |
Focus
⚔️ 46.7% · 🌾 53.3%
Scout Cavalry ×329 · Knight ×46 · Obuch ×12 · Mangonel ×2 · Battering Ram ×1
Match map
Initial resources + every placement click. Lines = walls · curves = elevation contours. ◆ gold · ⬟ stone · ● berries · ✦ relic · ◌ wall gap
Your base· ✓ Closed at 17:41 · 37t walls · 3 gate(s)
Moshaaa's base· ✓ Closed at 20:56 · 0t walls · 2 gate(s)
105er.ahnungslos90's base· ✓ Closed at 21:57 · 1t walls · 3 gate(s)
Sir Cain's base· ✓ Closed at 14:16 · 0t walls · 2 gate(s)
105er.G0ldenFir3's base· ✓ Closed at 14:12 · 0t walls · 2 gate(s)
Abgespleaster Indianer's base· ✓ Closed at 15:48 · 67t walls · 2 gate(s)
Smoothed initial terrain · ◌ = detected wall gap · hover for details
Inputs per minute
— [STYCK] Weizenesel - - Moshaaa
Build order — [STYCK] Weizenesel
First 150 of 632 actions detected
| 0:02 | Create | Villager (Male) |
| 0:02 | Create | Villager (Male) |
| 0:02 | Create | Villager (Male) |
| 0:03 | Build | House |
| 0:04 | Build | House |
| 0:23 | Create | Villager (Male) |
| 0:24 | Create | Villager (Male) |
| 1:38 | Create | Villager (Male) |
| 1:56 | Create | Villager (Male) |
| 2:17 | Create | Villager (Male) |
| 2:38 | Build | Lumber Camp |
| 2:55 | Create | Villager (Male) |
| 3:10 | Create | Villager (Male) |
| 3:42 | Create | Villager (Male) |
| 3:42 | Create | Villager (Male) |
| 3:55 | Build | House |
| 4:05 | Create | Villager (Male) |
| 4:42 | Create | Villager (Male) |
| 4:56 | Create | Villager (Male) |
| 5:31 | Build | Mill |
| 5:46 | Create | Villager (Male) |
| 5:46 | Create | Villager (Male) |
| 6:17 | Create | Villager (Male) |
| 6:29 | Create | Villager (Male) |
| 6:30 | Create | Villager (Male) |
| 6:30 | Create | Villager (Male) |
| 6:35 | Build | Farm |
| 6:38 | Create | Villager (Male) |
| 6:43 | Create | Villager (Male) |
| 6:45 | Build | House |
| 6:51 | Research | Loom |
| 7:17 | Create | Villager (Male) |
| 7:18 | Create | Villager (Male) |
| 7:40 | Build | Farm |
| 7:48 | Build | Farm |
| 7:51 | Create | Villager (Male) |
| 8:05 | Create | Villager (Male) |
| 8:36 | Research | Feudal Age |
| 8:43 | Build | House |
| 9:15 | Build | Mining Camp |
| 9:33 | Build | House |
| 9:39 | Build | Palisade Wall |
| 9:56 | Create | Villager (Male) |
| 9:56 | Create | Villager (Male) |
| 10:31 | Build | Palisade Wall |
| 10:32 | Build | Palisade Wall |
| 10:36 | Build | Palisade Wall |
| 10:47 | Age | Feudal Age |
| 10:57 | Research | Double-Bit Axe |
| 10:59 | Research | Horse Collar |
| 10:59 | Research | Horse Collar |
| 11:04 | Build | Palisade Wall |
| 11:27 | Build | Farm |
| 11:51 | Create | Villager (Male) |
| 11:51 | Create | Villager (Male) |
| 12:18 | Build | Watch Tower |
| 12:31 | Create | Villager (Male) |
| 12:47 | Create | Villager (Male) |
| 13:00 | Build | Palisade Wall |
| 13:35 | Build | Market |
| 13:46 | Create | Villager (Male) |
| 13:47 | Create | Villager (Male) |
| 14:09 | Build | Blacksmith |
| 14:17 | Create | Villager (Male) |
| 14:57 | Research | Castle Age |
| 15:37 | Research | Stone Mining |
| 15:52 | Build | Watch Tower |
| 17:18 | Create | Villager (Male) |
| 17:36 | Build | Palisade Wall |
| 17:41 | Age | Castle Age |
| 17:47 | Build | Palisade Wall |
| 17:50 | Create | Villager (Male) |
| 17:54 | Build | Town Center |
| 17:59 | Build | Farm |
| 18:01 | Build | Farm |
| 18:03 | Build | Farm |
| 18:05 | Research | Bow Saw |
| 18:06 | Create | Villager (Male) |
| 18:07 | Build | Farm |
| 18:08 | Build | Farm |
| 18:08 | Build | Farm |
| 18:08 | Build | Farm |
| 18:08 | Build | Farm |
| 18:34 | Create | Villager (Male) |
| 18:39 | Build | Farm |
| 19:01 | Research | Town Watch |
| 19:05 | Build | House |
| 19:06 | Build | House |
| 19:27 | Build | Town Center |
| 19:33 | Create | Villager (Male) |
| 19:45 | Build | Gate |
| 19:49 | Build | Gate |
| 19:57 | Build | Stone Wall |
| 20:00 | Build | Stone Wall |
| 20:03 | Create | Villager (Male) |
| 20:04 | Create | Villager (Male) |
| 20:08 | Build | Farm |
| 20:12 | Research | Heavy Plow |
| 20:12 | Research | Heavy Plow |
| 20:19 | Build | Farm |
| 20:19 | Build | Farm |
| 20:19 | Build | Farm |
| 20:19 | Build | Farm |
| 20:20 | Build | Farm |
| 20:27 | Create | Villager (Male) |
| 20:38 | Create | Villager (Male) |
| 20:38 | Create | Villager (Male) |
| 20:39 | Build | Farm |
| 20:47 | Create | Villager (Male) |
| 20:53 | Build | Farm |
| 21:06 | Build | Farm |
| 21:16 | Create | Villager (Male) |
| 21:16 | Create | Villager (Male) |
| 21:16 | Create | Villager (Male) |
| 21:18 | Build | Farm |
| 21:21 | Build | Farm |
| 21:27 | Create | Villager (Male) |
| 21:27 | Create | Villager (Male) |
| 21:30 | Build | Farm |
| 21:34 | Create | Villager (Male) |
| 21:35 | Create | Villager (Male) |
| 21:41 | Build | Gate |
| 21:48 | Create | Villager (Male) |
| 21:55 | Build | Farm |
| 22:01 | Create | Villager (Male) |
| 22:06 | Build | University |
| 22:10 | Create | Villager (Male) |
| 22:15 | Build | Farm |
| 22:17 | Create | Villager (Male) |
| 22:29 | Create | Villager (Male) |
| 22:29 | Create | Villager (Male) |
| 22:29 | Create | Villager (Male) |
| 22:31 | Create | Villager (Male) |
| 22:32 | Create | Villager (Male) |
| 22:32 | Create | Villager (Male) |
| 22:39 | Build | Farm |
| 22:41 | Create | Villager (Male) |
| 22:44 | Build | House |
| 22:51 | Create | Villager (Male) |
| 22:51 | Create | Villager (Male) |
| 23:10 | Build | House |
| 23:17 | Build | House |
| 23:20 | Create | Villager (Male) |
| 23:20 | Create | Villager (Male) |
| 23:47 | Create | Villager (Male) |
| 23:47 | Create | Villager (Male) |
| 23:47 | Create | Villager (Male) |
| 23:48 | Create | Villager (Male) |
| 24:04 | Create | Villager (Male) |
| 24:04 | Create | Villager (Male) |
Build order — Moshaaa
First 150 of 641 actions detected
| 0:00 | Create | Villager (Male) |
| 0:00 | Create | Villager (Male) |
| 0:02 | Create | Villager (Male) |
| 0:02 | Create | Villager (Male) |
| 0:04 | Build | House |
| 0:05 | Build | House |
| 0:07 | Build | House |
| 1:13 | Create | Villager (Male) |
| 1:30 | Create | Villager (Male) |
| 2:06 | Create | Villager (Male) |
| 2:30 | Create | Villager (Male) |
| 2:39 | Build | Settlement |
| 3:01 | Create | Villager (Male) |
| 3:15 | Create | Villager (Male) |
| 3:15 | Create | Villager (Male) |
| 3:15 | Create | Villager (Male) |
| 4:12 | Create | Villager (Male) |
| 4:49 | Create | Villager (Male) |
| 5:24 | Create | Villager (Male) |
| 5:25 | Research | Loom |
| 6:12 | Research | Feudal Age |
| 6:45 | Build | Settlement |
| 7:36 | Create | Villager (Male) |
| 8:14 | Build | Barracks |
| 8:28 | Age | Feudal Age |
| 8:29 | Build | Watch Tower |
| 8:30 | Create | Villager (Male) |
| 8:53 | Research | Double-Bit Axe |
| 8:54 | Create | Villager (Male) |
| 9:09 | Create | Villager (Male) |
| 9:24 | Research | Tech 1402 |
| 9:26 | Create | Villager (Male) |
| 9:47 | Create | Villager (Male) |
| 10:04 | Research | Horse Collar |
| 10:11 | Build | Farm |
| 10:18 | Build | Farm |
| 10:25 | Create | Unit 2550 |
| 10:34 | Create | Unit 2550 |
| 10:45 | Create | Villager (Male) |
| 10:49 | Build | Farm |
| 10:54 | Build | Farm |
| 10:59 | Create | Unit 2550 |
| 11:13 | Build | Farm |
| 11:31 | Build | Outpost |
| 11:34 | Create | Villager (Male) |
| 11:34 | Create | Villager (Male) |
| 11:47 | Build | Farm |
| 11:54 | Build | Watch Tower |
| 12:06 | Create | Villager (Male) |
| 12:11 | Build | Farm |
| 12:22 | Create | Villager (Male) |
| 12:41 | Build | Settlement |
| 12:49 | Create | Unit 2550 |
| 13:12 | Create | Villager (Male) |
| 13:14 | Research | Arson |
| 13:20 | Create | Villager (Male) |
| 13:42 | Create | Villager (Male) |
| 13:49 | Create | Villager (Male) |
| 13:57 | Build | Farm |
| 14:13 | Create | Villager (Male) |
| 14:26 | Create | Villager (Male) |
| 14:31 | Build | Blacksmith |
| 14:37 | Build | Farm |
| 14:37 | Create | Villager (Male) |
| 14:40 | Build | Farm |
| 14:41 | Build | Farm |
| 14:49 | Create | Unit 2550 |
| 15:15 | Create | Villager (Male) |
| 15:24 | Create | Villager (Male) |
| 15:28 | Build | Farm |
| 15:29 | Build | Farm |
| 15:30 | Build | Farm |
| 15:31 | Build | Farm |
| 15:43 | Build | Watch Tower |
| 15:47 | Create | Unit 2550 |
| 15:48 | Create | Villager (Male) |
| 15:55 | Build | House |
| 15:57 | Create | Villager (Male) |
| 17:16 | Build | Market |
| 17:18 | Build | Farm |
| 17:50 | Create | Villager (Male) |
| 17:55 | Build | Farm |
| 18:16 | Research | Castle Age |
| 18:28 | Build | House |
| 19:03 | Research | Gold Mining |
| 19:10 | Create | Unit 2550 |
| 19:20 | Create | Villager (Male) |
| 19:23 | Build | Farm |
| 19:48 | Build | Barracks |
| 19:52 | Create | Villager (Male) |
| 19:58 | Create | Villager (Male) |
| 20:18 | Build | Outpost |
| 20:22 | Build | Outpost |
| 20:33 | Build | Outpost |
| 20:43 | Create | Villager (Male) |
| 20:51 | Create | Villager (Male) |
| 20:56 | Age | Castle Age |
| 20:58 | Create | Villager (Male) |
| 21:03 | Research | Tech 1351 |
| 21:03 | Research | Squires |
| 21:03 | Research | Squires |
| 21:04 | Research | Scale Mail Armor |
| 21:04 | Research | Forging |
| 21:12 | Build | Outpost |
| 21:19 | Build | Siege Workshop |
| 21:29 | Create | Villager (Male) |
| 21:38 | Build | Settlement |
| 22:04 | Create | Villager (Male) |
| 22:08 | Create | Unit 1105 |
| 22:14 | Create | Unit 2582 |
| 22:14 | Create | Unit 2582 |
| 22:15 | Create | Villager (Male) |
| 22:15 | Create | Villager (Male) |
| 22:17 | Build | House |
| 22:25 | Create | Unit 2582 |
| 22:52 | Create | Villager (Male) |
| 22:53 | Create | Unit 2582 |
| 22:58 | Create | Unit 2550 |
| 22:58 | Create | Unit 2550 |
| 23:06 | Research | Chain Mail Armor |
| 23:30 | Create | Unit 2550 |
| 23:30 | Create | Unit 2550 |
| 23:31 | Create | Battering Ram |
| 23:33 | Create | Villager (Male) |
| 23:42 | Create | Villager (Male) |
| 23:44 | Create | Villager (Male) |
| 23:45 | Create | Unit 2550 |
| 23:46 | Create | Unit 2550 |
| 23:51 | Create | Villager (Male) |
| 23:52 | Create | Villager (Male) |
| 23:56 | Build | House |
| 23:57 | Build | House |
| 23:57 | Build | House |
| 23:57 | Build | House |
| 24:09 | Create | Villager (Male) |
| 24:17 | Create | Villager (Male) |
| 24:18 | Create | Unit 2582 |
| 24:20 | Build | House |
| 24:21 | Build | House |
| 24:29 | Create | Unit 2582 |
| 24:29 | Create | Unit 2582 |
| 24:32 | Create | Unit 2550 |
| 24:32 | Create | Unit 2550 |
| 24:34 | Create | Unit 2550 |
| 24:45 | Create | Battering Ram |
| 24:45 | Create | Villager (Male) |
| 24:47 | Build | House |
| 24:54 | Create | Villager (Male) |
| 25:04 | Create | Unit 2582 |
| 25:19 | Create | Villager (Male) |
Build order — 105er.ahnungslos90
First 150 of 454 actions detected
| 0:02 | Create | Villager (Male) |
| 0:02 | Create | Villager (Male) |
| 0:02 | Create | Villager (Male) |
| 0:02 | Create | Villager (Male) |
| 0:04 | Build | House |
| 0:05 | Build | House |
| 1:25 | Create | Villager (Male) |
| 1:53 | Build | Settlement |
| 2:03 | Create | Villager (Male) |
| 2:24 | Create | Villager (Male) |
| 2:48 | Create | Villager (Male) |
| 3:08 | Create | Villager (Male) |
| 3:46 | Create | Villager (Male) |
| 4:14 | Create | Villager (Male) |
| 4:14 | Create | Villager (Male) |
| 5:01 | Create | Villager (Male) |
| 5:32 | Create | Villager (Male) |
| 5:41 | Create | Villager (Male) |
| 5:42 | Research | Loom |
| 6:15 | Build | Settlement |
| 7:05 | Research | Feudal Age |
| 7:27 | Build | Settlement |
| 7:29 | Create | Villager (Male) |
| 7:39 | Build | House |
| 9:15 | Age | Feudal Age |
| 9:18 | Build | Watch Tower |
| 9:22 | Create | Villager (Male) |
| 9:27 | Build | Blacksmith |
| 9:57 | Create | Villager (Male) |
| 10:19 | Build | House |
| 10:22 | Create | Villager (Male) |
| 10:33 | Create | Villager (Male) |
| 10:35 | Research | Double-Bit Axe |
| 10:51 | Create | Villager (Male) |
| 10:57 | Create | Villager (Male) |
| 11:17 | Research | Fletching |
| 11:26 | Build | Outpost |
| 11:54 | Build | Watch Tower |
| 12:29 | Create | Villager (Male) |
| 12:40 | Build | Watch Tower |
| 12:52 | Create | Villager (Male) |
| 13:10 | Create | Villager (Male) |
| 13:14 | Build | Farm |
| 13:16 | Build | Farm |
| 13:17 | Create | Villager (Male) |
| 13:49 | Create | Villager (Male) |
| 14:01 | Build | Barracks |
| 14:05 | Create | Villager (Male) |
| 14:24 | Build | Settlement |
| 15:06 | Build | House |
| 15:33 | Create | Villager (Male) |
| 15:37 | Build | Farm |
| 15:38 | Build | Farm |
| 15:39 | Build | Farm |
| 15:40 | Create | Villager (Male) |
| 15:44 | Build | House |
| 15:55 | Create | Unit 2550 |
| 16:42 | Build | House |
| 16:50 | Build | Stone Wall |
| 17:10 | Create | Villager (Male) |
| 17:21 | Create | Villager (Male) |
| 17:36 | Create | Villager (Male) |
| 17:39 | Build | Farm |
| 17:43 | Build | Farm |
| 17:52 | Build | Market |
| 19:07 | Build | Farm |
| 19:10 | Build | Farm |
| 19:17 | Research | Castle Age |
| 19:23 | Build | House |
| 20:24 | Build | Farm |
| 20:27 | Build | Farm |
| 20:32 | Build | Outpost |
| 20:37 | Build | Outpost |
| 20:40 | Build | Outpost |
| 20:47 | Build | Outpost |
| 20:56 | Create | Unit 2550 |
| 21:07 | Build | House |
| 21:09 | Build | House |
| 21:09 | Build | House |
| 21:38 | Build | Barracks |
| 21:48 | Build | Outpost |
| 21:49 | Build | Outpost |
| 21:57 | Age | Castle Age |
| 22:04 | Create | Villager (Male) |
| 22:04 | Create | Villager (Male) |
| 22:23 | Build | Outpost |
| 22:26 | Create | Villager (Male) |
| 22:30 | Research | Bow Saw |
| 22:30 | Research | Horse Collar |
| 22:39 | Build | Barracks |
| 23:31 | Build | Castle |
| 23:40 | Create | Unit 2586 |
| 23:41 | Create | Unit 2586 |
| 23:41 | Create | Unit 2586 |
| 23:49 | Create | Villager (Male) |
| 23:49 | Create | Villager (Male) |
| 23:51 | Build | Farm |
| 23:53 | Build | Farm |
| 23:54 | Build | Farm |
| 23:55 | Create | Villager (Male) |
| 24:28 | Build | Castle |
| 24:37 | Create | Unit 2586 |
| 24:37 | Create | Unit 2586 |
| 24:37 | Create | Unit 2586 |
| 24:42 | Build | Farm |
| 25:03 | Build | Farm |
| 25:06 | Build | Farm |
| 25:07 | Create | Villager (Male) |
| 25:31 | Build | Barracks |
| 25:35 | Create | Unit 2586 ×5 |
| 25:52 | Build | Settlement |
| 26:48 | Research | Imperial Age |
| 26:53 | Build | Barracks |
| 27:15 | Build | Farm |
| 27:17 | Create | Villager (Male) |
| 27:54 | Build | Monastery |
| 28:07 | Research | Scale Mail Armor |
| 28:17 | Create | Unit 2562 |
| 28:17 | Create | Unit 2562 |
| 28:36 | Create | Monk |
| 28:36 | Create | Monk |
| 28:49 | Build | Monastery |
| 29:03 | Build | House |
| 29:09 | Create | Unit 2586 ×5 |
| 29:10 | Create | Unit 2586 |
| 29:10 | Create | Unit 2586 |
| 29:23 | Build | House |
| 29:26 | Build | House |
| 29:35 | Create | Monk |
| 29:48 | Build | House |
| 29:50 | Build | House |
| 29:58 | Age | Imperial Age |
| 29:59 | Create | Monk |
| 30:06 | Build | House |
| 30:24 | Create | Trebuchet (Packed) |
| 30:52 | Build | Siege Workshop |
| 31:02 | Research | Squires |
| 31:04 | Research | Forging |
| 31:07 | Build | Barracks |
| 31:37 | Build | Gate |
| 31:41 | Build | House |
| 31:45 | Build | Stone Wall |
| 31:48 | Create | Trebuchet (Packed) |
| 32:33 | Build | House |
| 32:45 | Build | House |
| 32:47 | Build | Palisade Wall |
| 33:04 | Create | Unit 2586 ×4 |
| 33:04 | Create | Unit 2586 ×4 |
| 33:35 | Create | Unit 2586 ×2 |
| 34:08 | Build | Gate |
Build order — Sir Cain
First 150 of 922 actions detected
| 0:00 | Create | Villager (Male) |
| 0:00 | Create | Villager (Male) |
| 0:00 | Create | Villager (Male) |
| 0:02 | Build | House |
| 0:03 | Build | House |
| 0:05 | Create | Villager (Male) |
| 1:19 | Build | Mill |
| 1:29 | Create | Villager (Male) |
| 1:59 | Create | Villager (Male) |
| 2:21 | Create | Villager (Male) |
| 2:44 | Create | Villager (Male) |
| 3:12 | Create | Villager (Male) |
| 3:17 | Create | Villager (Male) |
| 3:46 | Build | House |
| 4:01 | Create | Villager (Male) |
| 4:01 | Create | Villager (Male) |
| 4:01 | Create | Villager (Male) |
| 4:46 | Create | Villager (Male) |
| 4:54 | Create | Villager (Male) |
| 4:55 | Create | Villager (Male) |
| 5:17 | Create | Villager (Male) |
| 5:17 | Create | Villager (Male) |
| 5:22 | Build | Lumber Camp |
| 5:41 | Create | Villager (Male) |
| 5:41 | Create | Villager (Male) |
| 5:42 | Create | Villager (Male) |
| 6:04 | Build | House |
| 7:02 | Build | Mill |
| 7:04 | Create | Villager (Male) |
| 8:19 | Research | Feudal Age |
| 8:20 | Research | Feudal Age |
| 8:55 | Build | Mining Camp |
| 9:04 | Create | Villager (Male) |
| 9:04 | Create | Villager (Male) |
| 9:10 | Build | Farm |
| 9:13 | Build | Farm |
| 9:56 | Build | House |
| 10:30 | Age | Feudal Age |
| 10:32 | Build | Blacksmith |
| 10:45 | Build | Market |
| 11:36 | Research | Castle Age |
| 11:52 | Build | Farm |
| 11:55 | Build | Farm |
| 11:57 | Build | Farm |
| 11:59 | Build | Farm |
| 12:03 | Build | Farm |
| 12:05 | Build | Farm |
| 12:10 | Build | Farm |
| 12:15 | Build | Farm |
| 12:17 | Build | Farm |
| 12:41 | Research | Horse Collar |
| 12:57 | Research | Double-Bit Axe |
| 12:57 | Research | Double-Bit Axe |
| 14:02 | Create | Villager (Male) |
| 14:16 | Age | Castle Age |
| 14:18 | Build | Town Center |
| 14:34 | Create | Villager (Male) |
| 14:50 | Research | Bow Saw |
| 15:00 | Create | Villager (Male) |
| 15:22 | Build | House |
| 15:25 | Create | Villager (Male) |
| 15:39 | Create | Villager (Male) |
| 15:43 | Create | Villager (Male) |
| 15:56 | Build | Town Center |
| 15:59 | Create | Villager (Male) |
| 16:01 | Create | Villager (Male) |
| 16:07 | Create | Villager (Male) |
| 16:25 | Build | Farm |
| 16:31 | Research | Heavy Plow |
| 16:33 | Create | Villager (Male) |
| 16:43 | Create | Villager (Male) |
| 16:45 | Build | Farm |
| 16:47 | Build | Farm |
| 16:49 | Build | Farm |
| 16:50 | Create | Villager (Male) |
| 16:55 | Build | Farm |
| 16:57 | Create | Villager (Male) |
| 17:02 | Build | Farm |
| 17:04 | Build | Farm |
| 17:05 | Create | Villager (Male) |
| 17:08 | Build | Farm |
| 17:18 | Create | Villager (Male) |
| 17:18 | Create | Villager (Male) |
| 17:20 | Build | Farm |
| 17:21 | Build | Farm |
| 17:26 | Build | Farm |
| 17:27 | Create | Villager (Male) |
| 17:27 | Create | Villager (Male) |
| 17:42 | Build | House |
| 17:43 | Build | House |
| 17:43 | Build | House |
| 17:45 | Create | Villager (Male) |
| 17:45 | Create | Villager (Male) |
| 17:49 | Build | Farm |
| 18:06 | Create | Villager (Male) |
| 18:15 | Research | Wheelbarrow |
| 18:30 | Create | Villager (Male) |
| 18:30 | Create | Villager (Male) |
| 18:41 | Create | Villager (Male) |
| 18:50 | Build | Town Center |
| 18:54 | Create | Villager (Male) |
| 18:55 | Create | Villager (Male) |
| 19:01 | Create | Villager (Male) |
| 19:04 | Build | House |
| 19:07 | Build | House |
| 19:08 | Create | Villager (Male) |
| 19:13 | Build | Farm |
| 19:14 | Build | Farm |
| 19:15 | Create | Villager (Male) |
| 19:21 | Build | Farm |
| 19:22 | Build | Farm |
| 19:23 | Build | Farm |
| 19:24 | Create | Villager (Male) |
| 19:24 | Create | Villager (Male) |
| 19:26 | Build | Farm |
| 19:27 | Create | Villager (Male) |
| 19:27 | Create | Villager (Male) |
| 19:36 | Build | Farm |
| 19:45 | Create | Villager (Male) |
| 19:50 | Create | Villager (Male) |
| 19:53 | Build | Farm |
| 19:55 | Build | Farm |
| 19:57 | Create | Villager (Male) |
| 20:03 | Build | House |
| 20:05 | Create | Villager (Male) |
| 20:20 | Create | Villager (Male) |
| 20:21 | Create | Villager (Male) |
| 20:31 | Build | House |
| 20:31 | Build | House |
| 20:32 | Build | House |
| 20:33 | Build | House |
| 20:35 | Create | Villager (Male) |
| 20:35 | Create | Villager (Male) |
| 20:35 | Create | Villager (Male) |
| 20:49 | Build | Farm |
| 20:50 | Create | Villager (Male) |
| 20:50 | Create | Villager (Male) |
| 21:00 | Build | Town Center |
| 21:03 | Create | Villager (Male) |
| 21:08 | Research | Hand Cart |
| 21:16 | Create | Villager (Male) |
| 21:17 | Create | Villager (Male) |
| 21:17 | Create | Villager (Male) |
| 21:20 | Build | Farm |
| 21:24 | Research | Gold Mining |
| 21:25 | Create | Villager (Male) |
| 21:32 | Build | Farm |
| 21:35 | Build | Farm |
| 21:36 | Create | Villager (Male) |
| 21:36 | Create | Villager (Male) |
Build order — 105er.G0ldenFir3
First 150 of 526 actions detected
| 0:00 | Create | Villager (Male) |
| 0:02 | Build | House |
| 0:03 | Build | House |
| 0:20 | Create | Villager (Male) |
| 0:20 | Create | Villager (Male) |
| 0:21 | Create | Villager (Male) |
| 1:39 | Create | Villager (Male) |
| 1:59 | Create | Villager (Male) |
| 2:29 | Build | Settlement |
| 2:32 | Create | Villager (Male) |
| 2:49 | Create | Villager (Male) |
| 3:19 | Create | Villager (Male) |
| 3:37 | Create | Villager (Male) |
| 3:37 | Create | Villager (Male) |
| 4:36 | Create | Villager (Male) |
| 5:02 | Create | Villager (Male) |
| 5:02 | Create | Villager (Male) |
| 5:02 | Create | Villager (Male) |
| 5:05 | Build | Settlement |
| 6:12 | Create | Villager (Male) |
| 6:44 | Create | Villager (Male) |
| 7:07 | Create | Villager (Male) |
| 7:31 | Create | Villager (Male) |
| 7:44 | Build | Farm |
| 7:47 | Build | Farm |
| 7:56 | Create | Villager (Male) |
| 7:56 | Research | Feudal Age |
| 8:21 | Create | Villager (Male) |
| 8:26 | Build | Settlement |
| 8:54 | Create | Villager (Male) |
| 8:54 | Create | Villager (Male) |
| 10:34 | Age | Feudal Age |
| 10:37 | Build | Market |
| 10:51 | Build | Blacksmith |
| 11:26 | Create | Villager (Male) |
| 11:32 | Research | Castle Age |
| 11:41 | Research | Horse Collar |
| 11:50 | Research | Double-Bit Axe |
| 12:17 | Build | Farm |
| 12:20 | Build | Farm |
| 13:27 | Create | Villager (Male) |
| 14:12 | Age | Castle Age |
| 14:16 | Build | Town Center |
| 14:20 | Create | Villager (Male) |
| 14:28 | Build | Town Center |
| 14:39 | Research | Heavy Plow |
| 14:42 | Research | Bow Saw |
| 15:05 | Create | Villager (Male) |
| 15:22 | Create | Villager (Male) |
| 15:24 | Build | Farm |
| 15:28 | Build | Farm |
| 15:30 | Build | Farm |
| 15:33 | Create | Villager (Male) |
| 15:35 | Research | Loom |
| 15:43 | Create | Villager (Male) |
| 15:50 | Build | Farm |
| 15:58 | Create | Villager (Male) |
| 16:00 | Build | Farm |
| 16:02 | Build | Farm |
| 16:07 | Create | Villager (Male) |
| 16:07 | Create | Villager (Male) |
| 16:07 | Create | Villager (Male) |
| 16:11 | Build | Farm |
| 16:17 | Build | Farm |
| 16:21 | Build | Farm |
| 16:25 | Create | Villager (Male) |
| 16:35 | Build | House |
| 16:39 | Build | Farm |
| 16:44 | Build | Farm |
| 16:44 | Create | Villager (Male) |
| 16:51 | Create | Villager (Male) |
| 16:55 | Build | Farm |
| 17:01 | Build | Farm |
| 17:05 | Create | Villager (Male) |
| 17:11 | Build | Farm |
| 17:17 | Build | Farm |
| 17:19 | Create | Villager (Male) |
| 17:19 | Create | Villager (Male) |
| 17:22 | Build | Farm |
| 17:25 | Create | Villager (Male) |
| 17:32 | Create | Villager (Male) |
| 17:37 | Build | Farm |
| 17:42 | Build | Farm |
| 17:44 | Create | Villager (Male) |
| 17:47 | Build | Farm |
| 17:51 | Create | Villager (Male) |
| 17:53 | Build | Farm |
| 17:58 | Create | Villager (Male) |
| 18:03 | Build | House |
| 18:05 | Build | House |
| 18:06 | Build | House |
| 18:14 | Research | Wheelbarrow |
| 18:16 | Research | Loom |
| 18:19 | Create | Villager (Male) |
| 18:22 | Build | Farm |
| 18:38 | Create | Villager (Male) |
| 18:48 | Create | Villager (Male) |
| 19:01 | Build | Settlement |
| 19:07 | Create | Villager (Male) |
| 19:09 | Build | Farm |
| 19:16 | Create | Villager (Male) |
| 19:16 | Create | Villager (Male) |
| 19:29 | Build | Farm |
| 19:32 | Create | Villager (Male) |
| 19:33 | Create | Villager (Male) |
| 19:35 | Research | Stone Mining |
| 19:39 | Research | Gold Mining |
| 19:53 | Create | Villager (Male) |
| 19:53 | Create | Villager (Male) |
| 19:53 | Create | Villager (Male) |
| 20:09 | Build | Farm |
| 20:12 | Build | Farm |
| 20:13 | Build | Farm |
| 20:16 | Create | Villager (Male) |
| 20:16 | Create | Villager (Male) |
| 20:19 | Create | Villager (Male) |
| 20:26 | Build | Farm |
| 20:41 | Create | Villager (Male) |
| 20:47 | Create | Villager (Male) |
| 20:51 | Research | Hand Cart |
| 21:10 | Build | Town Center |
| 21:13 | Create | Villager (Male) |
| 21:14 | Create | Villager (Male) |
| 21:32 | Create | Villager (Male) |
| 21:32 | Create | Villager (Male) |
| 21:42 | Create | Villager (Male) |
| 21:43 | Create | Villager (Male) |
| 21:47 | Build | House |
| 21:52 | Build | House |
| 21:53 | Build | House |
| 21:59 | Build | House |
| 21:59 | Build | House |
| 22:00 | Build | House |
| 22:05 | Research | Town Watch |
| 22:05 | Create | Villager (Male) |
| 22:06 | Create | Villager (Male) |
| 22:12 | Research | Gold Shaft Mining |
| 22:16 | Create | Villager (Male) |
| 22:21 | Build | Settlement |
| 22:24 | Build | Farm |
| 22:26 | Build | Farm |
| 22:30 | Build | Farm |
| 22:34 | Build | Farm |
| 22:35 | Create | Villager (Male) |
| 22:36 | Create | Villager (Male) |
| 22:38 | Build | Farm |
| 22:39 | Build | Farm |
| 22:41 | Build | Farm |
| 22:42 | Build | Farm |
| 22:45 | Create | Villager (Male) |
Build order — Abgespleaster Indianer
First 150 of 883 actions detected
| 0:02 | Create | Villager (Male) |
| 0:03 | Create | Villager (Male) |
| 0:03 | Create | Villager (Male) |
| 0:03 | Create | Villager (Male) |
| 0:04 | Build | House |
| 0:05 | Build | House |
| 1:28 | Create | Villager (Male) |
| 1:28 | Create | Villager (Male) |
| 1:54 | Build | Lumber Camp |
| 2:04 | Create | Villager (Male) |
| 2:21 | Create | Villager (Male) |
| 2:40 | Create | Villager (Male) |
| 3:14 | Create | Villager (Male) |
| 3:39 | Build | Mill |
| 3:44 | Create | Villager (Male) |
| 4:17 | Create | Villager (Male) |
| 4:52 | Create | Villager (Male) |
| 4:52 | Create | Villager (Male) |
| 5:20 | Create | Villager (Male) |
| 5:54 | Create | Villager (Male) |
| 5:54 | Create | Villager (Male) |
| 5:54 | Create | Villager (Male) |
| 5:54 | Create | Villager (Male) |
| 6:04 | Build | Mill |
| 6:11 | Create | Villager (Male) |
| 6:39 | Create | Villager (Male) |
| 7:05 | Build | Mining Camp |
| 7:17 | Create | Villager (Male) |
| 7:17 | Create | Villager (Male) |
| 7:17 | Create | Villager (Male) |
| 7:17 | Create | Villager (Male) |
| 7:52 | Create | Villager (Male) |
| 7:52 | Create | Villager (Male) |
| 7:52 | Create | Villager (Male) |
| 8:52 | Research | Feudal Age |
| 9:10 | Create | Villager (Male) |
| 9:33 | Build | Palisade Wall |
| 9:39 | Build | Palisade Wall |
| 9:45 | Build | Palisade Wall |
| 9:51 | Build | Palisade Wall |
| 9:55 | Create | Villager (Male) |
| 9:59 | Build | House |
| 10:21 | Build | Palisade Wall |
| 10:29 | Build | Palisade Wall |
| 10:36 | Build | Palisade Wall |
| 10:52 | Build | Palisade Wall |
| 11:05 | Build | Palisade Wall |
| 11:12 | Age | Feudal Age |
| 11:15 | Build | Palisade Wall |
| 11:26 | Research | Loom |
| 11:47 | Build | Market |
| 12:09 | Build | Blacksmith |
| 12:15 | Build | Farm |
| 12:18 | Build | Farm |
| 12:22 | Build | Farm |
| 13:08 | Research | Castle Age |
| 13:15 | Build | Stone Wall |
| 14:02 | Build | Stone Wall |
| 14:19 | Build | Farm |
| 14:24 | Build | Mill |
| 14:25 | Create | Villager (Male) |
| 14:25 | Create | Villager (Male) |
| 15:16 | Create | Villager (Male) |
| 15:16 | Create | Villager (Male) |
| 15:17 | Create | Villager (Male) |
| 15:20 | Build | Farm |
| 15:30 | Build | Farm |
| 15:48 | Age | Castle Age |
| 15:53 | Build | Castle |
| 16:06 | Create | Villager (Male) |
| 16:29 | Build | Farm |
| 16:33 | Build | Farm |
| 16:38 | Research | Horse Collar |
| 16:52 | Create | Villager (Male) |
| 16:57 | Build | Farm |
| 16:58 | Research | Double-Bit Axe |
| 17:17 | Build | Town Center |
| 17:43 | Build | Farm |
| 18:21 | Build | Farm |
| 18:25 | Build | Farm |
| 18:27 | Create | Villager (Male) |
| 18:29 | Create | Villager (Male) |
| 18:30 | Create | Villager (Male) |
| 18:30 | Create | Villager (Male) |
| 19:02 | Create | Villager (Male) |
| 19:04 | Create | Villager (Male) |
| 19:04 | Create | Villager (Male) |
| 19:04 | Create | Villager (Male) |
| 19:29 | Build | Mill |
| 19:32 | Build | Farm |
| 19:33 | Create | Villager (Male) |
| 19:34 | Create | Villager (Male) |
| 19:34 | Create | Villager (Male) |
| 19:37 | Research | Heavy Plow |
| 19:45 | Build | Farm |
| 19:57 | Research | Bow Saw |
| 20:15 | Create | Villager (Male) |
| 20:20 | Build | Barracks |
| 20:32 | Build | Farm |
| 20:41 | Create | Villager (Male) |
| 20:45 | Create | Villager (Male) |
| 20:59 | Create | Villager (Male) |
| 20:59 | Create | Villager (Male) |
| 21:00 | Create | Villager (Male) |
| 21:10 | Build | Farm |
| 21:16 | Build | Farm |
| 21:23 | Build | Town Center |
| 21:34 | Build | Stable |
| 21:37 | Create | Villager (Male) |
| 21:37 | Create | Villager (Male) |
| 21:43 | Build | Mining Camp |
| 21:59 | Create | Villager (Male) |
| 21:59 | Create | Villager (Male) |
| 22:24 | Create | Villager (Male) |
| 22:24 | Create | Villager (Male) |
| 22:24 | Create | Villager (Male) |
| 22:29 | Create | Villager (Male) |
| 22:31 | Create | Villager (Male) |
| 22:31 | Create | Villager (Male) |
| 22:43 | Build | Farm |
| 22:47 | Build | Farm |
| 22:50 | Build | Farm |
| 22:53 | Create | Villager (Male) |
| 22:53 | Create | Villager (Male) |
| 22:53 | Create | Villager (Male) |
| 22:57 | Create | Villager (Male) |
| 22:58 | Create | Villager (Male) |
| 23:08 | Build | Farm |
| 23:10 | Build | Farm |
| 23:14 | Build | Farm |
| 23:19 | Build | Farm |
| 23:21 | Build | Farm |
| 23:23 | Build | Farm |
| 23:26 | Build | Farm |
| 23:30 | Build | Farm |
| 23:34 | Build | Farm |
| 23:38 | Build | Farm |
| 23:39 | Create | Villager (Male) |
| 23:40 | Create | Villager (Male) |
| 23:40 | Create | Villager (Male) |
| 23:41 | Build | Farm |
| 24:18 | Build | Siege Workshop |
| 24:21 | Create | Villager (Male) |
| 24:21 | Create | Villager (Male) |
| 24:22 | Create | Villager (Male) |
| 24:22 | Create | Villager (Male) |
| 24:28 | Research | Scale Barding Armor |
| 24:28 | Research | Forging |
| 24:38 | Build | Stable |
| 24:42 | Build | Stable |
Match timeline
| 8:14 | Moshaaa · first_building Barracks |
| 8:28 | Moshaaa · age_up feudal |
| 9:15 | 105er.ahnungslos90 · age_up feudal |
| 9:33 | Abgespleaster Indianer · wall_segment Palisade Wall x9 |
| 9:39 | Abgespleaster Indianer · wall_segment Palisade Wall x6 |
| 9:39 | [STYCK] Weizenesel · wall_segment Palisade Wall x13 |
| 9:45 | Abgespleaster Indianer · wall_segment Palisade Wall x8 |
| 9:51 | Abgespleaster Indianer · wall_segment Palisade Wall x10 |
| 10:21 | Abgespleaster Indianer · wall_segment Palisade Wall x5 |
| 10:29 | Abgespleaster Indianer · wall_segment Palisade Wall x6 |
| 10:30 | Sir Cain · age_up feudal |
| 10:31 | [STYCK] Weizenesel · wall_segment Palisade Wall x10 |
| 10:32 | [STYCK] Weizenesel · wall_segment Palisade Wall x1 |
| 10:34 | 105er.G0ldenFir3 · age_up feudal |
| 10:36 | Abgespleaster Indianer · wall_segment Palisade Wall x3 |
| 10:36 | [STYCK] Weizenesel · wall_segment Palisade Wall x7 |
| 10:47 | [STYCK] Weizenesel · age_up feudal |
| 10:52 | Abgespleaster Indianer · wall_segment Palisade Wall x1 |
| 11:04 | [STYCK] Weizenesel · wall_segment Palisade Wall x2 |
| 11:05 | Abgespleaster Indianer · wall_segment Palisade Wall x1 |
| 11:12 | Abgespleaster Indianer · age_up feudal |
| 11:15 | Abgespleaster Indianer · wall_segment Palisade Wall x3 |
| 13:00 | [STYCK] Weizenesel · wall_segment Palisade Wall x5 |
| 13:02 | Abgespleaster Indianer · first_market_sell 100 stone |
| 13:15 | Abgespleaster Indianer · wall_segment Stone Wall x7 |
| 14:01 | 105er.ahnungslos90 · first_building Barracks |
| 14:02 | Abgespleaster Indianer · wall_segment Stone Wall x8 |
| 14:12 | 105er.G0ldenFir3 · age_up castle |
| 14:16 | Sir Cain · age_up castle |
| 14:54 | [STYCK] Weizenesel · first_market_sell 100 wood |
| 15:48 | Abgespleaster Indianer · age_up castle |
| 15:53 | Abgespleaster Indianer · first_building Castle |
| 16:06 | 105er.G0ldenFir3 · first_market_buy 100 food |
| 16:50 | 105er.ahnungslos90 · wall_segment Stone Wall x1 |
| 17:09 | Abgespleaster Indianer · first_market_buy 100 wood |
| 17:36 | [STYCK] Weizenesel · wall_segment Palisade Wall x1 |
| 17:41 | [STYCK] Weizenesel · age_up castle |
| 17:47 | [STYCK] Weizenesel · wall_segment Palisade Wall x1 |
| 18:12 | Moshaaa · first_market_sell 100 wood |
| 18:43 | Sir Cain · first_market_buy 100 stone |
| 18:50 | 105er.ahnungslos90 · first_market_sell 100 wood |
| 19:57 | [STYCK] Weizenesel · wall_segment Stone Wall x13 |
| 20:00 | [STYCK] Weizenesel · wall_segment Stone Wall x7 |
| 20:20 | Abgespleaster Indianer · first_building Barracks |
| 20:40 | Sir Cain · first_market_sell 100 wood |
| 20:56 | Moshaaa · age_up castle |
| 21:19 | Moshaaa · first_building Siege Workshop |
| 21:34 | Abgespleaster Indianer · first_building Stable |
| 21:35 | Moshaaa · first_market_buy 100 wood |
| 21:57 | 105er.ahnungslos90 · age_up castle |
| 22:36 | Sir Cain · first_building Monastery |
| 23:16 | Sir Cain · wall_segment Stone Wall x1 |
| 23:31 | 105er.ahnungslos90 · first_building Castle |
| 23:50 | Sir Cain · wall_segment Palisade Wall x1 |
| 24:13 | [STYCK] Weizenesel · first_building Barracks |
| 24:13 | Sir Cain · wall_segment Stone Wall x1 |
| 24:18 | Abgespleaster Indianer · first_building Siege Workshop |
| 24:21 | 105er.G0ldenFir3 · first_building Monastery |
| 24:39 | [STYCK] Weizenesel · first_market_buy 100 stone |
| 24:44 | [STYCK] Weizenesel · first_building Castle |
| 24:49 | Sir Cain · first_building Castle |
| 24:51 | 105er.G0ldenFir3 · first_market_sell 100 food |
| 24:52 | 105er.ahnungslos90 · first_market_buy 100 food |
| 25:17 | 105er.G0ldenFir3 · first_building Barracks |
| 25:22 | Sir Cain · wall_segment Stone Wall x1 |
| 26:04 | 105er.G0ldenFir3 · first_building Archery Range |
| 26:09 | Moshaaa · first_building Monastery |
| 26:13 | [STYCK] Weizenesel · first_building Siege Workshop |
| 27:54 | 105er.ahnungslos90 · first_building Monastery |
| 28:22 | 105er.G0ldenFir3 · age_up imperial |
| 29:05 | Sir Cain · first_building Barracks |
| 29:45 | Sir Cain · first_building Siege Workshop |
| 29:55 | 105er.G0ldenFir3 · first_building Castle |
| 29:58 | 105er.ahnungslos90 · age_up imperial |
| 30:31 | [STYCK] Weizenesel · wall_segment Stone Wall x1 |
| 30:32 | Moshaaa · first_building Archery Range |
| 30:52 | 105er.ahnungslos90 · first_building Siege Workshop |
| 31:32 | [STYCK] Weizenesel · age_up imperial |
| 31:45 | 105er.ahnungslos90 · wall_segment Stone Wall x1 |
| 32:16 | 105er.G0ldenFir3 · first_building Siege Workshop |
| 32:37 | [STYCK] Weizenesel · first_building Archery Range |
| 32:47 | 105er.ahnungslos90 · wall_segment Palisade Wall x1 |
| 32:50 | Sir Cain · age_up imperial |
| 33:50 | 105er.G0ldenFir3 · tribute_sent a jugador 1 |
| 33:50 | 105er.G0ldenFir3 · tribute_sent a jugador 2 |
| 33:50 | 105er.G0ldenFir3 · tribute_sent a jugador 3 |
| 33:50 | 105er.G0ldenFir3 · tribute_sent a jugador 4 |
| 33:50 | 105er.G0ldenFir3 · tribute_sent a jugador 6 |
| 33:57 | Moshaaa · first_building Castle |
| 34:16 | 105er.G0ldenFir3 · tribute_sent a jugador 1 |
| 34:16 | 105er.G0ldenFir3 · tribute_sent a jugador 2 |
| 34:16 | 105er.G0ldenFir3 · tribute_sent a jugador 3 |
| 34:16 | 105er.G0ldenFir3 · tribute_sent a jugador 4 |
| 34:16 | 105er.G0ldenFir3 · tribute_sent a jugador 6 |
| 34:54 | Abgespleaster Indianer · wall_segment Stone Wall x1 |
| 36:28 | Abgespleaster Indianer · wall_segment Stone Wall x8 |
| 36:44 | Abgespleaster Indianer · age_up imperial |
| 36:48 | Abgespleaster Indianer · wall_segment Stone Wall x9 |
| 38:44 | Moshaaa · age_up imperial |
| 39:03 | 105er.G0ldenFir3 · tribute_sent a jugador 1 |
| 39:03 | 105er.G0ldenFir3 · tribute_sent a jugador 2 |
| 39:03 | 105er.G0ldenFir3 · tribute_sent a jugador 3 |
| 39:03 | 105er.G0ldenFir3 · tribute_sent a jugador 4 |
| 39:03 | 105er.G0ldenFir3 · tribute_sent a jugador 6 |
| 39:10 | Abgespleaster Indianer · wall_segment Stone Wall x3 |
| 40:45 | Abgespleaster Indianer · wall_segment Stone Wall x3 |
| 42:37 | [STYCK] Weizenesel · tribute_sent a jugador 1 |
| 42:37 | [STYCK] Weizenesel · tribute_sent a jugador 3 |
| 42:37 | [STYCK] Weizenesel · tribute_sent a jugador 4 |
| 42:37 | [STYCK] Weizenesel · tribute_sent a jugador 5 |
| 42:37 | [STYCK] Weizenesel · tribute_sent a jugador 6 |
| 45:17 | [STYCK] Weizenesel · tribute_sent a jugador 1 |
| 45:17 | [STYCK] Weizenesel · tribute_sent a jugador 3 |
| 45:17 | [STYCK] Weizenesel · tribute_sent a jugador 4 |
| 45:17 | [STYCK] Weizenesel · tribute_sent a jugador 5 |
| 45:17 | [STYCK] Weizenesel · tribute_sent a jugador 6 |
| 45:31 | Sir Cain · tribute_sent a jugador 1 |
| 45:31 | Sir Cain · tribute_sent a jugador 2 |
| 45:31 | Sir Cain · tribute_sent a jugador 3 |
| 45:31 | Sir Cain · tribute_sent a jugador 5 |
| 45:31 | Sir Cain · tribute_sent a jugador 6 |
| 46:27 | Moshaaa · tribute_sent a jugador 2 |
| 46:27 | Moshaaa · tribute_sent a jugador 3 |
| 46:27 | Moshaaa · tribute_sent a jugador 4 |
| 46:27 | Moshaaa · tribute_sent a jugador 5 |
| 46:27 | Moshaaa · tribute_sent a jugador 6 |
| 47:03 | 105er.ahnungslos90 · wall_segment Stone Wall x25 |
| 47:06 | 105er.ahnungslos90 · wall_segment Stone Wall x6 |
| 47:40 | [STYCK] Weizenesel · tribute_sent a jugador 1 |
| 47:40 | [STYCK] Weizenesel · tribute_sent a jugador 3 |
| 47:40 | [STYCK] Weizenesel · tribute_sent a jugador 4 |
| 47:40 | [STYCK] Weizenesel · tribute_sent a jugador 5 |
| 47:40 | [STYCK] Weizenesel · tribute_sent a jugador 6 |
| 48:36 | 105er.ahnungslos90 · wall_segment Stone Wall x44 |
| 48:51 | [STYCK] Weizenesel · tribute_sent a jugador 1 |
| 48:51 | [STYCK] Weizenesel · tribute_sent a jugador 3 |
| 48:51 | [STYCK] Weizenesel · tribute_sent a jugador 4 |
| 48:51 | [STYCK] Weizenesel · tribute_sent a jugador 5 |
| 48:51 | [STYCK] Weizenesel · tribute_sent a jugador 6 |
| 50:23 | [STYCK] Weizenesel · tribute_sent a jugador 1 |
| 50:23 | [STYCK] Weizenesel · tribute_sent a jugador 3 |
| 50:23 | [STYCK] Weizenesel · tribute_sent a jugador 4 |
| 50:23 | [STYCK] Weizenesel · tribute_sent a jugador 5 |
| 50:23 | [STYCK] Weizenesel · tribute_sent a jugador 6 |
| 50:49 | Abgespleaster Indianer · wall_segment Stone Wall x1 |
| 50:55 | Abgespleaster Indianer · wall_segment Stone Wall x20 |
| 51:24 | 105er.ahnungslos90 · wall_segment Stone Wall x32 |
| 51:27 | 105er.ahnungslos90 · wall_segment Stone Wall x9 |
| 52:32 | [STYCK] Weizenesel · tribute_sent a jugador 1 |
| 52:32 | [STYCK] Weizenesel · tribute_sent a jugador 3 |
| 52:32 | [STYCK] Weizenesel · tribute_sent a jugador 4 |
| 52:32 | [STYCK] Weizenesel · tribute_sent a jugador 5 |
| 52:32 | [STYCK] Weizenesel · tribute_sent a jugador 6 |
| 52:55 | Moshaaa · tribute_sent a jugador 2 |
| 52:55 | Moshaaa · tribute_sent a jugador 3 |
| 52:55 | Moshaaa · tribute_sent a jugador 4 |
| 52:55 | Moshaaa · tribute_sent a jugador 5 |
| 52:55 | Moshaaa · tribute_sent a jugador 6 |
| 52:56 | Abgespleaster Indianer · wall_segment Stone Wall x1 |
| 53:06 | [STYCK] Weizenesel · tribute_sent a jugador 1 |
| 53:06 | [STYCK] Weizenesel · tribute_sent a jugador 3 |
| 53:06 | [STYCK] Weizenesel · tribute_sent a jugador 4 |
| 53:06 | [STYCK] Weizenesel · tribute_sent a jugador 5 |
| 53:06 | [STYCK] Weizenesel · tribute_sent a jugador 6 |
| 54:37 | [STYCK] Weizenesel · first_building Stable |
| 55:14 | [STYCK] Weizenesel · tribute_sent a jugador 1 |
| 55:14 | [STYCK] Weizenesel · tribute_sent a jugador 3 |
| 55:14 | [STYCK] Weizenesel · tribute_sent a jugador 4 |
| 55:14 | [STYCK] Weizenesel · tribute_sent a jugador 5 |
| 55:14 | [STYCK] Weizenesel · tribute_sent a jugador 6 |
| 55:45 | 105er.ahnungslos90 · tribute_sent a jugador 1 |
| 55:45 | 105er.ahnungslos90 · tribute_sent a jugador 2 |
| 55:45 | 105er.ahnungslos90 · tribute_sent a jugador 4 |
| 55:45 | 105er.ahnungslos90 · tribute_sent a jugador 5 |
| 55:45 | 105er.ahnungslos90 · tribute_sent a jugador 6 |
| 55:56 | Moshaaa · tribute_sent a jugador 2 |
| 55:56 | Moshaaa · tribute_sent a jugador 3 |
| 55:56 | Moshaaa · tribute_sent a jugador 4 |
| 55:56 | Moshaaa · tribute_sent a jugador 5 |
| 55:56 | Moshaaa · tribute_sent a jugador 6 |
| 56:55 | [STYCK] Weizenesel · tribute_sent a jugador 1 |
| 56:55 | [STYCK] Weizenesel · tribute_sent a jugador 3 |
| 56:55 | [STYCK] Weizenesel · tribute_sent a jugador 4 |
| 56:55 | [STYCK] Weizenesel · tribute_sent a jugador 5 |
| 56:55 | [STYCK] Weizenesel · tribute_sent a jugador 6 |
| 57:10 | 105er.ahnungslos90 · wall_segment Stone Wall x25 |
| 57:17 | 105er.ahnungslos90 · tribute_sent a jugador 1 |
| 57:17 | 105er.ahnungslos90 · tribute_sent a jugador 2 |
| 57:17 | 105er.ahnungslos90 · tribute_sent a jugador 4 |
| 57:17 | 105er.ahnungslos90 · tribute_sent a jugador 5 |
| 57:17 | 105er.ahnungslos90 · tribute_sent a jugador 6 |
| 57:17 | Moshaaa · tribute_sent a jugador 2 |
| 57:17 | Moshaaa · tribute_sent a jugador 3 |
| 57:17 | Moshaaa · tribute_sent a jugador 4 |
| 57:17 | Moshaaa · tribute_sent a jugador 5 |
| 57:17 | Moshaaa · tribute_sent a jugador 6 |
| 57:22 | [STYCK] Weizenesel · resign |
[ AI ANALYSIS · 1 CREDIT ]
What really happened in this match?
Wolo.gg analyzes every decision: build order, eco, micro, common mistakes by bracket. Personalized analysis on WhatsApp or Discord in 30 seconds.
Civ guide
Vikings
Map guide
Arena
Perfil
Jugador #448562